[Event "Team 45 45 League T50"]
[Site "Internet Chess Club"]
[Date "2011.09.13"]
[Round "5"]
[White "tsia68"]
[Black "Seaborgium"]
[Result "1/2-1/2"]
[WhiteElo "1828"]
[BlackElo "1964"]
[Opening "English: closed system"]
[ECO "A25"]
[Time "17:04:23"]
[TimeControl "2700+45"]

1. c4 e5 2. g3 Nc6 3. Nc3 g6 4. Bg2 Bg7 5. e4 d6 6. Nge2 Nge7 7. d3 O-O 8. O-O
f5 9. exf5 gxf5 10. f4 Be6 11. Nd5 Ng6 12. Be3 Kh8 13. Qd2 Nd4 14. Nb4 Nxe2+ 15.
Qxe2 c6 16. Nc2 Rf7 17. Rab1 d5 18. fxe5 dxc4 19. dxc4 Nxe5 20. Rbd1 Qc7 21. b3
c5 22. Bf4 Re8 23. Rfe1 Bd7 24. Rd5 Rfe7 25. Rdd1 Bc6 26. Bxc6 Qxc6 27. Bxe5
Bxe5 28. Qg2 Qc7 29. Qf3 f4 30. g4 Bd4+ 31. Kg2 Rxe1 32. Rxe1 Rxe1 33. Nxe1 Qa5
34. Qxf4 Qxa2+ 35. Kf1 Kg7 36. Qc7+ Kg6 37. Qg3 Qa6 38. Qd3+ Kg7 39. Qf5 Qd6 40.
Nf3 Bf6 41. Ke2 Qe7+ 42. Kd3 h6 43. Qe4 Qd7+ 44. Ke2 b5 45. Qf5 Qe7+ 46. Kd3 b4
47. Qd5 a5 48. h4 Kf8 49. g5 hxg5 50. hxg5 Qh7+ 51. Ke3 Qe7+ 52. Kd3 Qh7+ 53.
Ke3 Qe7+ 54. Kd3 Bc3 55. Qf5+ Kg7 56. Qd5 Kf8 57. Qf5+ Kg7 58. Qd5 Kf8 59. Qf5+
Kg7 60. Qd5 {Game drawn by repetition} 1/2-1/2

[Event "Team 45 45 League T50"]
[Site "Internet Chess Club"]
[Date "2011.09.14"]
[Round "5"]
[White "Turzo"]
[Black "Uwak"]
[Result "0-1"]
[WhiteElo "2305"]
[BlackElo "2449"]
[Opening "Trompowsky attack (Ruth, Opocenský opening)"]
[ECO "A45"]
[Time "03:16:20"]
[TimeControl "2700+45"]

1. d4 Nf6 2. Bg5 Ne4 3. Bf4 c5 4. d5 Qb6 5. Bc1 e6 6. f3 Nf6 7. e4 exd5 8. exd5
c4 9. Bxc4 Bc5 10. Ne2 d6 11. c3 O-O 12. Nd4 Re8+ 13. Kf2 Qc7 14. Be3 Nbd7 15.
Re1 Ne5 16. Bb3 Neg4+ 17. fxg4 Nxg4+ 18. Kg1 Rxe3 19. h3 Rxe1+ 20. Qxe1 Bxd4+
21. cxd4 Nf6 22. Nc3 Bf5 23. Qf2 Bg6 24. Re1 Re8 25. Rxe8+ Nxe8 26. Qe2 Nf6 27.
Kh2 h5 28. Nb5 Qb6 29. Qc4 a6 30. Nc3 h4 31. Ne2 Kh7 32. Qc1 Qd8 33. Qg5 Qe7 34.
Qxh4+ Bh5 35. Ng1 Ng4+ 36. Kg3 Qe1+ {White resigns} 0-1

[Event "Team 45 45 League T50"]
[Site "Internet Chess Club"]
[Date "2011.09.09"]
[Round "5"]
[White "loudoun"]
[Black "LAgenieMP"]
[Result "1-0"]
[WhiteElo "1616"]
[BlackElo "1851"]
[Opening "Caro-Kann: Panov-Botvinnik attack, 5...e6"]
[ECO "B14"]
[Time "17:00:37"]
[TimeControl "2700+45"]

1. e4 d5 2. exd5 Nf6 3. c4 c6 4. d4 cxd5 5. Nc3 e6 6. Nf3 Nc6 7. Bg5 Be7 8. c5
O-O 9. Bb5 Bd7 10. Bxc6 Bxc6 11. Ne5 Qc7 12. b4 a6 13. O-O b6 14. Re1 bxc5 15.
bxc5 Rfe8 16. Re3 Nd7 17. Bf4 Nxe5 18. Bxe5 Qd7 19. Rg3 Bf8 20. Qg4 f5 21. Qf4
Ra7 22. Rb1 Rb7 23. Rb6 Rxb6 24. cxb6 g6 25. h4 Bg7 26. h5 Bxe5 27. dxe5 d4 28.
Rd3 Rd8 29. Ne2 Qd5 30. Qg5 Rb8 31. hxg6 h6 32. Qg3 Rxb6 33. Rxd4 f4 34. Qg4
Qxe5 35. Rd8+ Kg7 36. Nxf4 Rb1+ 37. Kh2 h5 38. Qg3 Rb4 39. Nxe6+ Qxe6 40. Qc3+
Kxg6 41. Qxb4 Qe5+ 42. f4 Qe4 43. Qxe4+ Bxe4 44. Rd6+ Kf5 45. Rxa6 Kxf4 46. Ra4
Ke3 47. Rxe4+ Kxe4 48. Kg3 Kf5 49. a4 Kg5 50. a5 h4+ 51. Kh3 Kh5 52. a6 Kg5 53.
a7 Kh5 54. a8=Q Kg5 55. Qf3 Kg6 56. Qf4 Kh5 57. Qf5+ Kh6 58. Qg4 Kh7 59. Qe6 Kg7
60. Kxh4 Kh8 61. Kg5 Kg7 62. Qe7+ Kh8 63. Kg6 {Black resigns} 1-0

[Event "Team 45 45 League T50"]
[Site "Internet Chess Club"]
[Date "2011.09.10"]
[Round "5"]
[White "eurander"]
[Black "Woss"]
[Result "1/2-1/2"]
[WhiteElo "2161"]
[BlackElo "2275"]
[Opening "Sicilian: Alapin's variation (2.c3)"]
[ECO "B22"]
[Time "14:00:56"]
[TimeControl "2700+45"]

1. e4 c5 2. c3 Nf6 3. e5 Nd5 4. d4 cxd4 5. cxd4 d6 6. Nf3 Nc6 7. Bc4 Nb6 8. Bb5
dxe5 9. Nxe5 Bd7 10. Nxd7 Qxd7 11. Nc3 Rd8 12. O-O e6 13. Qf3 Be7 14. Be3 O-O
15. Rfd1 a6 16. Bxc6 bxc6 17. Rac1 Nd5 18. Ne4 Rb8 19. b3 Qc7 20. Nc5 Rb5 21.
Nxa6 Qa5 22. Rxc6 Qxa2 23. Nc7 Nxe3 24. Nxb5 Nxd1 25. Qxd1 Rb8 26. Nc3 Qxb3 27.
Qxb3 Rxb3 28. Rc8+ Bf8 29. g3 g6 30. d5 exd5 31. Nxd5 Kg7 32. Kg2 Ba3 33. Rc3
Rxc3 34. Nxc3 Kf6 35. h4 Ke5 36. Kf3 Bc5 37. Ne4 Be7 38. Ke3 h6 39. Nd2 Bc5+ 40.
Kf3 f5 41. Nc4+ Kd5 42. Nd2 Bd4 43. Nb3 Bc3 44. Nc1 g5 45. hxg5 hxg5 46. g4
fxg4+ 47. Kxg4 Bd2 48. Ne2 Ke4 49. Ng1 Kd3 50. Nf3 Ke2 51. Nxd2 Kxf2 52. Kxg5
{Game drawn because neither player has mating material} 1/2-1/2

[Event "Team 45 45 League T50"]
[Site "Internet Chess Club"]
[Date "2011.09.11"]
[Round "5"]
[White "SlimeDog2"]
[Black "xec"]
[Result "1-0"]
[WhiteElo "2095"]
[BlackElo "2225"]
[Opening "King's Indian: fianchetto, classical variation, 8.e4"]
[ECO "E68"]
[Time "14:00:15"]
[TimeControl "2700+45"]

1. d4 d6 2. Nf3 Nf6 3. c4 g6 4. g3 Bg7 5. Bg2 O-O 6. Nc3 Nbd7 7. O-O e5 8. e4
exd4 9. Nxd4 Re8 10. h3 a6 11. Be3 Rb8 12. b3 c5 13. Nde2 Qc7 14. a4 b6 15. Bf4
Ne5 16. Qd2 Bb7 17. g4 Rbd8 18. Rad1 Rd7 19. Ng3 Red8 20. Bg5 Rb8 21. f4 Nc6 22.
Bxf6 Bxf6 23. e5 Bh4 24. Nd5 Qd8 25. Ne4 Nd4 26. Nxd6 Bxd5 27. Bxd5 Rxd6 28.
exd6 Qxd6 29. Qe3 Bf6 30. Kg2 Qd7 31. Qg3 a5 32. f5 g5 33. Qxb8+ {Black resigns}
1-0

[Event "Team 45 45 League T50"]
[Site "Internet Chess Club"]
[Date "2011.09.09"]
[Round "5"]
[White "parpin"]
[Black "Epcot"]
[Result "0-1"]
[WhiteElo "2157"]
[BlackElo "1972"]
[Opening "Sicilian: Najdorf, Lipnitzky attack"]
[ECO "B86"]
[Time "11:49:41"]
[TimeControl "2700+45"]

1. e4 c5 2. Nf3 d6 3. d4 cxd4 4. Nxd4 Nf6 5. Nc3 a6 6. Bc4 e6 7. O-O b5 8. Bb3
Be7 9. Qf3 Qb6 10. Bg5 Qb7 11. Rae1 Nbd7 12. a3 O-O 13. Qg3 Nc5 14. Bxf6 Bxf6
15. Qxd6 Rd8 16. Qxc5 Bxd4 17. Qg5 Bf6 18. Qg3 Qc6 19. e5 Be7 20. Ne4 Bb7 21.
Nf6+ Bxf6 22. exf6 g6 23. Rd1 Qe4 24. c3 a5 25. Qg5 h6 26. Qg3 Kh7 27. f3 Qe3+
28. Kh1 Bd5 29. Rfe1 Bxb3 30. Qc7 e5 31. Rb1 Qf4 32. Qxe5 Qxe5 33. Rxe5 Rab8 34.
Rbe1 Rd1 35. Rxd1 Bxd1 36. Kg1 Bb3 37. Kf2 Bc4 38. f4 Rd8 39. b3 Bxb3 40. Rxb5
a4 41. Ke3 Rd1 42. Rb7 Ra1 43. Kd4 Rd1+ 44. Ke3 Rd6 45. Rc7 Rxf6 46. c4 Kg7 47.
c5 Re6+ 48. Kd4 Re2 49. g4 Rxh2 50. c6 Rc2 51. Ke5 Rc5+ 52. Kd6 Rc3 53. Ra7 h5
54. gxh5 gxh5 55. Ra5 Kg6 56. f5+ Kf6 57. c7 Rxc7 58. Kxc7 h4 59. Rc5 Kg5 60.
f6+ Kg4 61. Kd6 h3 62. Ke5 h2 63. Rc1 Kf3 64. Rb1 Kg3 65. Re1 Kf2 66. Rb1 Bc4
67. Kd6 Bf1 68. Rb2+ Kg1 69. Rxh2 Kxh2 70. Kc5 Bh3 {White resigns} 0-1

[Event "Team 45 45 League T50"]
[Site "Internet Chess Club"]
[Date "2011.09.11"]
[Round "5"]
[White "chess9793"]
[Black "Horoblitz"]
[Result "1/2-1/2"]
[WhiteElo "2112"]
[BlackElo "2196"]
[Opening "Sicilian: accelerated fianchetto, modern variation with Bc4"]
[ECO "B35"]
[Time "16:00:32"]
[TimeControl "2700+45"]

1. e4 c5 2. Nf3 g6 3. d4 cxd4 4. Nxd4 Nc6 5. Nc3 Bg7 6. Be3 Nf6 7. Bc4 O-O 8.
Bb3 a5 9. a4 Ng4 10. Qxg4 Nxd4 11. Qh4 Nxb3 12. cxb3 Ra6 13. O-O d6 14. Nd5 Re8
15. Rac1 Rc6 16. Bg5 f6 17. Bh6 Be6 18. Bxg7 Kxg7 19. Rc3 Rxc3 20. bxc3 Bxd5 21.
exd5 Qb6 22. Qc4 Qc5 23. Qxc5 dxc5 24. Re1 Kf7 25. Re6 Rd8 26. c4 Rd6 27. Rxd6
exd6 28. g4 g5 29. Kg2 f5 30. h3 Kf6 31. Kf3 Ke5 32. Ke3 h6 33. f3 b6 34. Kd3
Kf4 35. Ke2 fxg4 36. hxg4 Ke5 37. Ke3 Kf6 38. f4 gxf4+ 39. Kxf4 Kg6 40. Kf3
{Game drawn by mutual agreement} 1/2-1/2

[Event "Team 45 45 League T50"]
[Site "Internet Chess Club"]
[Date "2011.09.11"]
[Round "5"]
[White "easycure"]
[Black "Stryker672"]
[Result "1-0"]
[WhiteElo "2245"]
[BlackElo "1923"]
[Opening "Kevitz-Trajkovich defense"]
[ECO "A50"]
[Time "22:00:13"]
[TimeControl "2700+45"]

1. d4 Nf6 2. c4 Nc6 3. Nf3 e6 4. Nc3 Bb4 5. Qc2 O-O 6. a3 Bxc3+ 7. Qxc3 d6 8.
Bg5 h6 9. Bh4 Qe7 10. e3 e5 11. dxe5 Nxe5 12. Be2 Re8 13. Qc2 Ng6 14. Bg3 c6 15.
Rd1 d5 16. cxd5 Nxd5 17. O-O Be6 18. Nd4 Red8 19. Nxe6 Qxe6 20. Bc4 Ne5 21. Bb3
Qe7 22. Qf5 Ng6 23. e4 Qf6 24. Qxf6 Nxf6 25. f3 Nd7 26. Bc7 Nc5 27. Bxf7+ Kxf7
28. Rxd8 Rxd8 29. Bxd8 {Black resigns} 1-0

[Event "Team 45 45 League T50"]
[Site "Internet Chess Club"]
[Date "2011.09.12"]
[Round "5"]
[White "CamLeslie"]
[Black "Knight77"]
[Result "1-0"]
[WhiteElo "1838"]
[BlackElo "1777"]
[Opening "King's Indian defense, 3.Nc3"]
[ECO "E62"]
[Time "20:33:23"]
[TimeControl "2700+45"]

1. d4 Nf6 2. c4 g6 3. Nc3 Bg7 4. Nf3 O-O 5. g3 d6 6. Bg2 e5 7. dxe5 dxe5 8. Qxd8
Rxd8 9. Nxe5 Re8 10. Nd3 Nc6 11. Bxc6 bxc6 12. Bd2 Be6 13. b3 Rad8 14. O-O-O Bf5
15. Be1 Ng4 16. h3 Bxd3 17. hxg4 Bxc3 18. exd3 Bd4 19. f3 Re2 20. Rd2 Rde8 21.
Kd1 R2e6 22. Bf2 Bc3 23. Rc2 Bb4 24. d4 Rd8 25. Re2 Red6 26. Kc2 c5 27. Be1 Rxd4
28. Bxb4 cxb4 29. Rhe1 Rd3 30. Re8+ Rxe8 31. Rxe8+ {Black resigns} 1-0

[Event "Team 45 45 League T50"]
[Site "Internet Chess Club"]
[Date "2011.09.11"]
[Round "5"]
[White "jorobo"]
[Black "wilson97"]
[Result "1-0"]
[WhiteElo "1956"]
[BlackElo "1887"]
[Opening "King's Indian: orthodox, 7...Nbd7"]
[ECO "E94"]
[Time "20:25:04"]
[TimeControl "2700+45"]

1. c4 Nf6 2. Nc3 g6 3. d4 Bg7 4. e4 d6 5. Be2 O-O 6. Nf3 e5 7. O-O Nbd7 8. Be3
Re8 9. d5 Rf8 10. Nd2 Ne8 11. b4 f5 12. f3 f4 13. Bf2 b6 14. Nb3 a5 15. bxa5
bxa5 16. a4 Bf6 17. Qe1 Bb7 18. c5 dxc5 19. Bxc5 Be7 20. Bxe7 Qxe7 21. Nb5 Qb4
22. Qxb4 axb4 23. Rfc1 Rc8 24. Rc4 c5 25. dxc6 Bxc6 26. Na7 Rc7 27. Nxc6 Nb6 28.
Rc2 Rf6 29. Nxb4 {Black resigns} 1-0

[Event "Team 45 45 League T50"]
[Site "Internet Chess Club"]
[Date "2011.09.11"]
[Round "5"]
[White "chiiwen"]
[Black "Morovon23"]
[Result "1/2-1/2"]
[WhiteElo "2218"]
[BlackElo "2313"]
[Opening "Alekhine's defense: modern, fianchetto variation"]
[ECO "B04"]
[Time "21:00:05"]
[TimeControl "2700+45"]

1. e4 Nf6 2. e5 Nd5 3. d4 d6 4. Nf3 g6 5. Be2 Bg7 6. O-O O-O 7. exd6 cxd6 8. c4
Nb6 9. Nc3 Nc6 10. h3 Bf5 11. Be3 d5 12. b3 dxc4 13. bxc4 e5 14. d5 Na5 15. c5
e4 16. Nd4 Nxd5 17. Nxd5 Qxd5 18. Nxf5 Qxf5 19. Rb1 Rab8 20. Qa4 Nc6 21. Bb5 Qe6
22. Rfd1 Rfd8 23. Bc4 Rxd1+ 24. Rxd1 Qe7 25. Bd5 Rd8 26. Bxc6 Rxd1+ 27. Qxd1
bxc6 28. Qa4 Qd7 29. Qxe4 {Game drawn by mutual agreement} 1/2-1/2

[Event "Team 45 45 League T50"]
[Site "Internet Chess Club"]
[Date "2011.09.12"]
[Round "5"]
[White "MikeA"]
[Black "Chess-Dream"]
[Result "1/2-1/2"]
[WhiteElo "2215"]
[BlackElo "2066"]
[Opening "French: Tarrasch"]
[ECO "C03"]
[Time "21:02:35"]
[TimeControl "2700+45"]

1. e4 e6 2. d4 d5 3. Nd2 h6 4. Ngf3 Nf6 5. e5 Nfd7 6. Be2 c5 7. c3 Nc6 8. O-O g5
9. Nb3 c4 10. Nbd2 b5 11. h3 h5 12. Nb1 Be7 13. Be3 Nf8 14. Qd2 Nh7 15. Nh2 g4
16. hxg4 hxg4 17. Nxg4 f5 18. exf6 Nxf6 19. Nxf6+ Bxf6 20. Bf4 e5 21. dxe5 Nxe5
22. Re1 Kf8 23. Be3 Bf5 24. a4 Qd7 25. Bg5 Qh7 26. f3 Qh2+ 27. Kf2 Rg8 28. Qf4
Qxf4 29. Bxf4 b4 30. Nd2 bxc3 31. bxc3 Nd3+ 32. Bxd3 Bxd3 33. Be5 Be7 34. g3
Bc5+ 35. Kg2 Kf7 36. f4 Rg6 37. Nf3 Rag8 38. Ng5+ Kf8 {Game drawn by mutual
agreement} 1/2-1/2

[Event "Team 45 45 League T50"]
[Site "Internet Chess Club"]
[Date "2011.09.12"]
[Round "5"]
[White "cheVelle"]
[Black "spacecadet"]
[Result "0-1"]
[WhiteElo "1915"]
[BlackElo "2138"]
[Opening "Sicilian: accelerated fianchetto, Maróczy bind"]
[ECO "B36"]
[Time "16:00:12"]
[TimeControl "2700+45"]

1. e4 c5 2. Nf3 g6 3. c4 Nc6 4. d4 cxd4 5. Nxd4 Nf6 6. Nc3 d6 7. Be2 Nxd4 8.
Qxd4 Bg7 9. f3 O-O 10. Bg5 Be6 11. Qd2 Qa5 12. O-O Rfc8 13. Nd5 Qxd2 14. Bxd2
Nxd5 15. cxd5 Bd7 16. Bc1 Rc5 17. Rb1 Bd4+ 18. Kh1 e5 19. Bd3 a5 20. Bd2 Bb5 21.
Bxb5 Rxb5 22. b3 f5 23. Rfc1 Rc5 24. Rxc5 Bxc5 25. a4 b6 26. g3 fxe4 27. fxe4
Rf8 28. Bh6 Rf2 29. Re1 Kf7 30. Be3 Rf3 31. Bxc5 bxc5 32. Rb1 Re3 33. Kg2 Rxe4
34. Rf1+ Ke7 35. Rf3 Rd4 36. g4 Rxg4+ 37. Kf2 Rd4 38. Rh3 h5 39. Rg3 Kf6 40. Ke3
Rxd5 41. Rf3+ Kg7 {White resigns} 0-1

[Event "Team 45 45 League T50"]
[Site "Internet Chess Club"]
[Date "2011.09.12"]
[Round "5"]
[White "AronT"]
[Black "Legal"]
[Result "1-0"]
[WhiteElo "2196"]
[BlackElo "2014"]
[Opening "Nimzo-Indian: classical, Noa variation, 5.cd ed"]
[ECO "E35"]
[Time "20:04:05"]
[TimeControl "2700+45"]

1. d4 Nf6 2. c4 e6 3. Nc3 Bb4 4. Qc2 d5 5. cxd5 exd5 6. Bg5 Be7 7. e3 c6 8. Bd3
h6 9. Bh4 Nbd7 10. Nge2 O-O 11. O-O Re8 12. f3 Qb6 13. Rad1 Nf8 14. h3 a6 15.
Kh1 Qc7 16. Bxf6 Bxf6 17. Nxd5 Qd6 18. Nxf6+ Qxf6 19. e4 Ne6 20. Bc4 Ng5 21. e5
Qe7 22. Kh2 b5 23. Bd3 Bb7 24. f4 Ne6 25. Bh7+ Kh8 26. Be4 Rad8 27. Bxc6 Bxc6
28. Qxc6 Qa7 29. Qe4 Nc7 30. Rc1 Nd5 31. Rfd1 b4 32. Rc5 Nf6 33. Qc2 Nd5 34. Rc1
Qb7 35. Qe4 Qd7 36. Qf3 f6 37. Qg4 f5 38. Qg6 Qe6 39. Qxe6 Rxe6 40. Rc8 Rxc8 41.
Rxc8+ Kh7 42. Rd8 Ne3 43. d5 Rb6 44. e6 Nxd5 45. Rxd5 Rxe6 46. Rd2 Kg6 47. Kg3
Kf6 48. Kf3 g5 49. Rd5 h5 50. Rxf5+ {Black resigns} 1-0

[Event "Team 45 45 League T50"]
[Site "Internet Chess Club"]
[Date "2011.09.13"]
[Round "5"]
[White "Zumbi"]
[Black "M-Abotreka"]
[Result "0-1"]
[WhiteElo "2161"]
[BlackElo "2104"]
[Opening "Caro-Kann: advance variation"]
[ECO "B12"]
[Time "18:11:48"]
[TimeControl "2700+45"]

1. e4 c6 2. d4 d5 3. e5 Bf5 4. Nf3 e6 5. Be2 c5 6. Be3 Qb6 7. Nc3 Nc6 8. O-O
Qxb2 9. Nb5 c4 10. Nc7+ Kd7 11. Nxa8 Bxc2 12. Qd2 Bb4 13. Rab1 Qxb1 14. Rxb1
Bxd2 15. Rxb7+ Kc8 16. Rc7+ Kb8 17. Bxd2 Nge7 18. Bg5 Re8 19. Bxe7 Nxe7 20. Ng5
Bg6 21. Bd1 Kxa8 22. Ba4 Kb8 23. Bxe8 Kxc7 24. Kf1 Nc6 25. Bxc6 Kxc6 26. Ke1 Kb5
27. Kd2 Kb4 28. f4 c3+ 29. Kc1 Kc4 30. g4 Kxd4 31. h4 h5 32. gxh5 Bxh5 33. f5
Kxe5 34. fxe6 fxe6 35. Kc2 d4 36. Kd3 Bg6+ 37. Ke2 d3+ 38. Ke3 d2 39. Nf3+ Kd5
{White resigns} 0-1

[Event "Team 45 45 League T50"]
[Site "Internet Chess Club"]
[Date "2011.09.10"]
[Round "5"]
[White "frontier"]
[Black "sandham"]
[Result "1-0"]
[WhiteElo "2005"]
[BlackElo "2128"]
[Opening "QGD: Tarrasch, Prague variation"]
[ECO "D33"]
[Time "20:03:23"]
[TimeControl "2700+45"]

1. c4 c5 2. Nc3 e6 3. g3 d5 4. cxd5 exd5 5. Nf3 Nf6 6. d4 Nc6 7. Bg5 c4 8. Bg2
Be7 9. O-O Be6 10. b3 cxb3 11. Qxb3 b6 12. Rfd1 O-O 13. Rac1 Na5 14. Qb1 Rc8 15.
Ne5 h6 16. Bxf6 Bxf6 17. Nb5 Bxe5 18. dxe5 Qd7 19. Nd6 Rxc1 20. Qxc1 Qa4 21. f4
g6 22. f5 Bxf5 23. Nxf5 gxf5 24. Rxd5 Qxa2 25. Qxh6 Rc8 26. Qg5+ Kf8 27. e6 Qxe2
28. Qh6+ Kg8 29. exf7+ Kxf7 30. Qh7+ Kf8 31. Qxf5+ {Black resigns} 1-0

[Event "Team 45 45 League T50"]
[Site "Internet Chess Club"]
[Date "2011.09.15"]
[Round "5"]
[White "egyptiantiger"]
[Black "Tobiasdelmonte"]
[Result "1-0"]
[WhiteElo "2102"]
[BlackElo "1750"]
[Opening "Old Benoni defense"]
[ECO "A46"]
[Time "19:20:54"]
[TimeControl "2700+45"]

1. d4 Nf6 2. Nf3 c5 3. d5 g6 4. c4 b5 5. cxb5 a6 6. b6 Qxb6 7. Nc3 d6 8. Nd2 Bg7
9. e4 O-O 10. Be2 Nbd7 11. O-O a5 12. a4 Ba6 13. Nb5 Ne5 14. Ra3 Rfc8 15. Qc2
Ne8 16. Nc4 Nxc4 17. Bxc4 Nc7 18. Bg5 Bxb5 19. axb5 f6 20. Be3 Rcb8 21. Qd1 Ra7
22. h4 Rab7 23. h5 Nxb5 24. Rb3 Qc7 25. hxg6 hxg6 26. Qg4 Kf7 27. e5 Nd4 28. e6+
Kg8 29. Rxb7 Rxb7 30. Qxg6 Qc8 31. Bd3 f5 32. Ba6 Kh8 33. g3 Nf3+ 34. Kg2 Ne5
35. Rh1+ Kg8 36. Qh7+ Kf8 37. Bh6 {Black resigns} 1-0

[Event "Team 45 45 League T50"]
[Site "Internet Chess Club"]
[Date "2011.09.12"]
[Round "5"]
[White "mongmong"]
[Black "Invicta-Knight"]
[Result "0-1"]
[WhiteElo "1593"]
[BlackElo "1484"]
[Opening "King's Indian: East Indian defense"]
[ECO "A48"]
[Time "12:25:00"]
[TimeControl "2700+45"]

1. d4 Nf6 2. Nf3 g6 3. e3 Bg7 4. c4 c5 5. dxc5 Qa5+ 6. Bd2 Qxc5 7. Bc3 d6 8. Be2
O-O 9. O-O Nc6 10. b3 Bg4 11. Nbd2 Rfd8 12. h3 Bxf3 13. Nxf3 d5 14. Bd4 Nxd4 15.
exd4 Qc7 16. Rc1 dxc4 17. Bxc4 Qd6 18. Qe2 e6 19. Ne5 Nd5 20. Rfd1 Rac8 21. g3
Rc7 22. Bd3 Rdc8 23. Rxc7 Rxc7 24. Nc4 Rxc4 25. Bxc4 Nc3 26. Qd3 Nxd1 27. Qxd1
Bxd4 28. Qf3 Qe5 29. Kg2 b5 30. Qe2 {White resigns} 0-1

[Event "Team 45 45 League T50"]
[Site "Internet Chess Club"]
[Date "2011.09.11"]
[Round "5"]
[White "BrerRabbit"]
[Black "realchess"]
[Result "1/2-1/2"]
[WhiteElo "1530"]
[BlackElo "1675"]
[Opening "English opening"]
[ECO "A20"]
[Time "15:01:16"]
[TimeControl "2700+45"]

1. c4 e5 2. g3 Nf6 3. Bg2 Bc5 4. e3 O-O 5. Nc3 Nc6 6. Nge2 b6 7. d4 Bb4 8. a3
Bxc3+ 9. bxc3 Rb8 10. O-O Ba6 11. Qa4 Na5 12. Re1 exd4 13. cxd4 Bxc4 14. Nc3 Bb3
15. Qb5 c6 16. Qd3 Bc4 17. Qc2 d5 18. Rb1 Re8 19. Bd2 Nb7 20. Na4 Nd6 21. Bb4
Nde4 22. Nb2 Ba6 23. Nd3 Bxd3 24. Qxd3 c5 25. dxc5 bxc5 26. Bc3 Nxc3 27. Qxc3 d4
28. Qxc5 dxe3 29. Rxb8 exf2+ 30. Qxf2 Rxe1+ 31. Qxe1 Qxb8 32. a4 Qb6+ 33. Kh1 g6
34. h3 a5 35. Qe5 Qb1+ 36. Kh2 Qf5 37. Qxf5 gxf5 38. Bf1 Ne8 39. Bd3 Nd6 40. Kg2
Kg7 41. Kf3 Kf6 42. Kf4 h6 43. Bc2 h5 44. Bd1 Kg6 45. Bc2 Kf6 46. Bd1 Kg6 47.
Bc2 Kf6 48. Bd1 Kg6 {Game drawn by repetition} 1/2-1/2

[Event "Team 45 45 League T50"]
[Site "Internet Chess Club"]
[Date "2011.09.10"]
[Round "5"]
[White "MeanMrMustard"]
[Black "j316chuck"]
[Result "1-0"]
[WhiteElo "1793"]
[BlackElo "1629"]
[Opening "Sicilian: accelerated fianchetto, Breyer variation"]
[ECO "B39"]
[Time "23:15:20"]
[TimeControl "2700+45"]

1. e4 c5 2. Nf3 Nc6 3. d4 cxd4 4. Nxd4 g6 5. c4 Bg7 6. Be3 Nf6 7. Nc3 Ng4 8.
Qxg4 Nxd4 9. Qd1 Ne6 10. Rc1 d6 11. Be2 Bd7 12. O-O Bc6 13. f3 b6 14. Qd2 Nc5
15. Rfd1 O-O 16. Bh6 Rc8 17. Bxg7 Kxg7 18. Qd4+ f6 19. b3 Ne6 20. Qd2 Qe8 21.
Nd5 Qf7 22. Nf4 Rh8 23. Nd5 Bxd5 24. exd5 Nc5 25. Qe3 Rhe8 26. Bd3 e5 27. dxe6
Rxe6 28. Qd4 Qe7 29. b4 Nb7 30. Be4 Nd8 31. Bd5 Re2 32. Rd2 Rxd2 33. Qxd2 Nc6
34. Re1 Qf8 35. Bxc6 Rxc6 36. Qd5 Rc7 37. Re6 Rd7 38. c5 bxc5 39. bxc5 Qb8 40.
Rxd6 Rxd6 41. cxd6 Qe8 42. Kf2 Qd7 43. Ke3 a5 44. Kd4 Kf8 45. Kc5 Qa7+ 46. Kb5
Kg7 47. Qc6 Qd4 48. Kxa5 Qd2+ 49. Kb6 Qxa2 50. d7 Qb3+ 51. Kc7 Qf7 52. Kc8
{Black resigns} 1-0

[Event "Team 45 45 League T50"]
[Site "Internet Chess Club"]
[Date "2011.09.11"]
[Round "5"]
[White "Zyme"]
[Black "hi12980"]
[Result "0-1"]
[WhiteElo "1342"]
[BlackElo "1350"]
[Opening "Grünfeld: Stockholm variation"]
[ECO "D80"]
[Time "18:00:35"]
[TimeControl "2700+45"]

1. d4 Nf6 2. c4 g6 3. Nc3 d5 4. Bg5 Ne4 5. Nxe4 dxe4 6. d5 Bg7 7. Qc2 Bf5 8. e3
Qd6 9. Bf4 Qb4+ 10. Qd2 Qxb2 11. Qxb2 Bxb2 12. Rb1 Bc3+ 13. Kd1 b6 14. Bxc7 O-O
15. Ne2 Bf6 16. h3 Na6 17. Bh2 Nc5 18. g4 Bd7 19. Bg2 Ba4+ 20. Kd2 e6 21. Nc3
Rfd8 22. Nxa4 Nxa4 23. Bxe4 Nc3 24. Bf3 Nxb1+ 25. Rxb1 Rac8 26. Rc1 Rc5 27. e4
Ra5 28. Rc2 Rd7 29. e5 Bg7 30. d6 Bxe5 31. Bxe5 Rxe5 32. Kc3 Rxd6 33. Kb4 a5+
34. Ka4 Rc5 35. Be2 Rd4 36. Kb3 Rf4 37. f3 e5 38. Rb2 e4 39. fxe4 Rxe4 40. Kc3
b5 41. Kd3 Rexc4 42. Ke3 Rb4 43. Rd2 Rc3+ 44. Kf2 Rxh3 45. Rd8+ Kg7 46. Rb8 Rb2
47. Rxb5 Rh2+ 48. Kf3 Rhxe2 49. Rxa5 Rxa2 50. Rb5 Reb2 51. Re5 f5 52. gxf5 gxf5
53. Re7+ Kg6 54. Re6+ Kf7 55. Rd6 Rb4 56. Rd7+ Ke6 57. Rxh7 Ra3+ 58. Kf2 Rb2+
59. Ke1 Ra1# {White checkmated} 0-1

[Event "Team 45 45 League T50"]
[Site "Internet Chess Club"]
[Date "2011.09.09"]
[Round "5"]
[White "werdnac"]
[Black "smsxman"]
[Result "1-0"]
[WhiteElo "1337"]
[BlackElo "1441"]
[Opening "Philidor's defense"]
[ECO "C41"]
[Time "22:00:12"]
[TimeControl "2700+45"]

1. e4 e5 2. Nf3 d6 3. Nc3 Nc6 4. d4 exd4 5. Nxd4 Bd7 6. Be3 Nf6 7. Bc4 Be7 8.
O-O O-O 9. Nd5 Nxd4 10. Qxd4 c5 11. Qd3 Bc6 12. Nc3 a6 13. Bg5 b5 14. Bxf6 Bxf6
15. Bd5 Bxd5 16. Qxd5 Bxc3 17. bxc3 Qf6 18. c4 b4 19. a3 a5 20. axb4 axb4 21.
Rxa8 {Black resigns} 1-0

[Event "Team 45 45 League T50"]
[Site "Internet Chess Club"]
[Date "2011.09.11"]
[Round "5"]
[White "randallsr"]
[Black "crazyhorses"]
[Result "0-1"]
[WhiteElo "1690"]
[BlackElo "1583"]
[Opening "English opening: Agincourt variation"]
[ECO "A13"]
[Time "14:00:23"]
[TimeControl "2700+45"]

1. Nf3 d5 2. c4 e6 3. cxd5 exd5 4. b3 Nf6 5. g3 c5 6. Bb2 Nc6 7. Bg2 Bd6 8. d3
O-O 9. Nbd2 Re8 10. O-O h6 11. Re1 Bf5 12. Nf1 d4 13. N1d2 Rc8 14. a3 Rc7 15.
Qc2 Rce7 16. Bf1 Qc8 17. Nh4 Bh3 18. Ng2 b5 19. f3 Qc7 20. e4 dxe3 21. Ne4 Nxe4
22. dxe4 Nd4 23. Bxd4 cxd4 24. Qxc7 Rxc7 25. Nxe3 dxe3 26. Bxh3 Rc3 27. b4 Bc7
28. Rec1 Rxc1+ 29. Rxc1 Bb6 30. Kf1 Rd8 31. Rc2 Rd1+ 32. Ke2 Ra1 33. Bd7 Rxa3
34. Bxb5 Rb3 35. f4 Rxb4 36. Bd3 a5 37. e5 Kf8 38. h4 a4 39. f5 a3 40. Kf3 Ke7
41. Ra2 Rb3 42. Be2 Bc5 43. e6 fxe6 44. fxe6 Rb2 45. Bc4 e2 {White resigns} 0-1

[Event "Team 45 45 League T50"]
[Site "Internet Chess Club"]
[Date "2011.09.10"]
[Round "5"]
[White "Theodulf"]
[Black "chrisgianno"]
[Result "0-1"]
[WhiteElo "1632"]
[BlackElo "1574"]
[Opening "Sicilian: Alapin's variation (2.c3)"]
[ECO "B22"]
[Time "10:57:44"]
[TimeControl "2700+45"]

1. e4 c5 2. c3 Nc6 3. d4 e5 4. dxe5 Nxe5 5. f4 Nc6 6. Nf3 Be7 7. Be3 b6 8. Bd3
d6 9. O-O Bg4 10. Bb5 Qc7 11. Nbd2 Nf6 12. Qa4 Bd7 13. Rac1 O-O 14. b4 Ng4 15.
Rfe1 Nxe3 16. Rxe3 a6 17. Bxc6 Bxc6 18. Qc2 Rad8 19. Ree1 Rfe8 20. a3 d5 21. e5
f6 22. Qa2 fxe5 23. Nxe5 Bb7 24. Ndf3 Bd6 25. Qf2 Rf8 26. Qh4 Rf6 27. Qg4 Bc8
28. Qh4 Rdf8 29. g3 Rh6 30. Qg5 Be7 31. Qxh6 gxh6 32. Nd3 Bf5 33. Nde5 Be4 34.
Nd2 Bd6 35. Ng4 h5 36. Nf2 Bg6 37. Nf3 d4 38. cxd4 Qb7 39. Ng5 cxd4 40. Nfe4
Bxe4 41. Nxe4 Be7 42. Rcd1 h4 43. Rxd4 hxg3 44. hxg3 Rd8 45. Rxd8+ Bxd8 46. Nd6
Qd7 47. Ne8 Qd3 48. Kf2 Qxa3 49. Re4 Qb2+ 50. Kf3 Qc3+ 51. Kg4 a5 52. bxa5 bxa5
53. Nd6 Qg7+ 54. Kf3 Qc3+ 55. Kg4 Kg7 56. Nf5+ Kf6 57. Nd4 h5+ 58. Kxh5 Qxg3 59.
Re6+ Kf7 60. Nf5 Qh2+ {White resigns} 0-1